Atomiques vs Monarchs
Created - 15 février 2015 at 19:03
Goals
|
| Atomiques |
1 |
1 |
0 |
2 |
| Monarchs |
0 |
2 |
1 |
3 |
|
Shots
|
| Atomiques |
7 |
10 |
16 |
33 |
| Monarchs |
6 |
21 |
11 |
38 |
|
1st period
1. Atomiques , Brad Winchester 34 (Ryan Shannon) at 5:41 (PP)
Penalties :
Victor Hedman (STB) for Tripping (Minor) at 0:22, Zac Rinaldo (MAN) for High sticking (Minor) at 4:36, Casey Borer (STB) for Hooking (Minor) at 8:07
2nd period
2. Monarchs , Tyler Kennedy 9 (Sami Vatanen, Jordan Nolan) at 4:33
3. Monarchs , Richard Park 15 (Shawn Belle, Cody Franson) at 10:55
4. Atomiques , Logan Couture 36 (Alexander Sulzer, Linus Omark) at 16:18
Penalties :
T.J Galiardi (MAN) for Holding (Minor) at 6:29, Tyler Brenner (STB) for Hooking (Minor) at 12:09, John Zeiler (STB) for Holding Stick (Minor) at 16:31, John Zeiler (STB) for Tripping (Minor) at 19:17
3rd period
5. Monarchs , Jarret Stoll 17 (Ryan Ellis) at 3:14 (PP)
Penalties :
Kenndal McArdle (STB) for Holding (Minor) at 3:01, Brad Winchester (STB) for Attempt to injure (Major / Game Misconduct) at 15:17
Goalie Stats
Sergei Bobrovsky (STB), 35 saves from 38 shots - (0,921), L, 7-14-4, 60:00 minutes
James Reimer (MAN), 31 saves from 33 shots - (0,939), W, 16-19-4, 60:00 minutes
Players Stats for Atomiques
Player Name G A P +/- PIM S H SB GA TA FO MP PP MP PK MP
------------------------------------------------------------------------------------
Alexander Sulzer 0 1 1 -1 0 0 0 2 0 1 0/0 29:47 2:04 8:13
Brad Winchester 1 0 1 0 15 2 1 2 1 0 0/0 17:22 1:12 5:57
Brett Sutter 0 0 0 0 0 1 2 1 0 0 0/1 8:50 0:00 2:00
Casey Borer 0 0 0 0 2 2 0 1 0 0 0/0 10:18 0:00 0:21
Clayton Stoner 0 0 0 0 0 1 1 1 0 0 0/0 23:00 1:00 8:14
Davis Drewiske 0 0 0 0 0 3 0 2 1 0 0/0 19:42 1:00 6:16
John McCarthy 0 0 0 0 0 2 1 0 0 0 0/0 7:13 0:00 0:23
John Zeiler 0 0 0 0 4 0 5 0 0 1 2/4 17:31 1:52 0:00
Kenndal McArdle 0 0 0 -1 2 2 2 0 1 0 0/0 12:44 0:00 3:11
Kyle Wharton 0 0 0 0 0 0 1 1 0 1 0/0 15:58 0:00 6:15
Linus Omark 0 1 1 0 0 4 1 2 1 0 0/3 19:53 1:52 3:35
Logan Couture 1 0 1 0 0 3 1 0 0 0 7/23 21:37 1:52 3:59
Marc-André Cliche 0 0 0 -1 0 2 2 0 0 0 3/6 9:13 0:00 0:00
Mitch Callahan 0 0 0 0 0 0 2 0 0 0 0/0 6:50 0:00 0:00
Nick Johnson 0 0 0 -1 0 4 1 0 1 0 0/0 9:40 0:00 0:00
Ryan Shannon 0 1 1 0 0 0 3 0 0 0 1/1 16:31 1:12 3:48
Tyler Brenner 0 0 0 0 2 1 1 3 1 0 7/29 18:05 1:12 6:47
Victor Hedman 0 0 0 -1 2 6 2 5 0 1 0/0 20:49 2:04 0:21
Players Stats for Monarchs
Player Name G A P +/- PIM S H SB GA TA FO MP PP MP PK MP
------------------------------------------------------------------------------------
Brock Trotter 0 0 0 -1 0 1 1 1 0 0 0/0 17:44 6:08 0:23
Cody Franson 0 1 1 -1 0 3 2 2 0 0 0/0 27:43 7:02 1:48
Dana Tyrell 0 0 0 0 0 0 0 2 0 0 2/2 7:58 0:00 0:43
Jarret Stoll 1 0 1 -1 0 6 0 0 0 0 25/30 18:39 7:03 1:58
Jay Beagle 0 0 0 0 0 3 0 1 0 0 0/1 8:48 1:29 0:00
Jordan Nolan 0 1 1 1 0 0 2 1 0 0 13/20 21:35 6:18 0:00
Keith Ballard 0 0 0 1 0 3 0 1 1 1 0/0 14:32 0:45 1:48
Marek Zagrapan 0 0 0 1 0 3 1 0 0 0 2/6 11:53 1:57 0:00
Matt Irwin 0 0 0 1 0 1 1 1 0 0 0/0 20:21 6:44 0:00
Matt Martin 0 0 0 1 0 0 3 1 0 1 0/0 10:10 0:00 0:23
Richard Park 1 0 1 1 0 3 1 0 1 1 1/1 13:20 1:26 1:58
Ryan Ellis 0 1 1 -1 0 2 1 2 0 2 0/0 23:47 7:39 0:00
Sami Vatanen 0 1 1 1 0 3 0 2 0 0 0/0 19:04 7:00 0:00
Shawn Belle 0 1 1 1 0 0 1 0 0 0 0/0 9:32 0:00 1:16
T.J Galiardi 0 0 0 1 2 2 3 0 0 0 1/2 20:49 7:03 0:00
Tim Erixon 0 0 0 0 0 0 1 0 0 1 0/0 5:01 0:30 1:16
Tyler Kennedy 1 0 1 1 0 6 0 2 2 0 3/4 22:23 6:18 0:43
Zac Rinaldo 0 0 0 0 2 0 1 0 0 0 0/1 7:09 0:00 0:00
Zack Kassian 0 0 0 -1 0 2 2 0 0 0 0/0 16:26 6:48 0:00
3 Stars
1 - Richard Park (MAN)
2 - Tyler Kennedy (MAN)
3 - James Reimer (MAN)
Power Play
Atomiques - 1 on 2 Attempt(s) - 50,00%
Monarchs - 1 on 7 Attempt(s) - 14,29%
Penalty Kill
Atomiques - 6 on 7 Attempt(s) - 85,71%
- Score 0 goal in Penalty Kill
Monarchs - 1 on 2 Attempt(s) - 50,00%
- Score 0 goal in Penalty Kill
Team Stat
Atomiques - Hits : 26 - Faceoff Wins : 20 - Blocked Shots : 20 - Penalty Minutes : 27
Monarchs - Hits : 20 - Faceoff Wins : 47 - Blocked Shots : 16 - Penalty Minutes : 4
Official
Referees : McCreary Bill and Devorski Paul
Linesman : Pierre Racicot and Steve Barton
Game Notes
Brad Winchester ejected from game at 15:17 of 3rd period
Finance
Level 1 -- Attendance: 1506 (75,30%) -- Ticket Income 52 710 $
Level 2 -- Attendance: 764 (76,40%) -- Ticket Income 11 460 $
Total Attendance: 2270 (75,67%)
Total Ticket Income: 64 170 $
Other Income: 3 208 $
Total Income: 67 378 $
Atomiques
5 vs 5 Forward
Center Left Wing Right Wing Time % Phy DF OF
1 Logan Couture Linus Omark John Zeiler 40 1 2 2
2 Tyler Brenner Brad Winchester Ryan Shannon 30 1 2 2
3 Marc-André Cliche Kenndal McArdle Nick Johnson 20 1 2 2
4 Brett Sutter John McCarthy Mitch Callahan 10 1 2 2
5 vs 5 Defense
Defense Defense Time % Phy DF OF
1 Alexander Sulzer Victor Hedman 40 1 2 2
2 Davis Drewiske Clayton Stoner 30 1 2 2
3 Casey Borer Kyle Wharton 20 1 2 2
4 Alexander Sulzer Victor Hedman 10 1 2 2
PowerPlay Forward
Center Left Wing Right Wing Time % Phy DF OF
1 Logan Couture Linus Omark John Zeiler 60 1 2 2
2 Tyler Brenner Brad Winchester Ryan Shannon 40 1 2 2
PowerPlay Defense
Defense Defense Time % Phy DF OF
1 Alexander Sulzer Victor Hedman 60 1 2 2
2 Davis Drewiske Clayton Stoner 40 1 2 2
Penalty Kill 4 Players Forward
Center Wing Time % Phy DF OF
1 Tyler Brenner Brad Winchester 60 1 2 2
2 Logan Couture Ryan Shannon 40 1 2 2
Penalty Kill 4 Players Defense
Defense Defense Time % Phy DF OF
1 Alexander Sulzer Clayton Stoner 60 1 2 2
2 Kyle Wharton Davis Drewiske 40 1 2 2
Penalty Kill - 3 Players Forward
Forward Time % Phy DF OF
1 Tyler Brenner 60 1 2 2
2 John Zeiler 40 1 2 2
Penalty Kill - 3 Players Defense
Defense Defense Time % Phy DF OF
1 Alexander Sulzer Clayton Stoner 60 1 2 2
2 Kyle Wharton Victor Hedman 40 1 2 2
4 vs 4 Forward
Center Wing Time % Phy DF OF
1 Logan Couture John Zeiler 60 1 2 2
2 Tyler Brenner Linus Omark 40 1 2 2
4 vs 4 Defense
Defense Defense Time % Phy DF OF
1 Alexander Sulzer Victor Hedman 60 1 2 2
2 Davis Drewiske Clayton Stoner 40 1 2 2
Last Minutes Offensive
Center Left Wing Right Wing Defense Defense
Logan Couture Brad Winchester John Zeiler Alexander Sulzer Clayton Stoner
Last Minutes Defensive
Center Left Wing Right Wing Defense Defense
Logan Couture Brad Winchester John Zeiler Alexander Sulzer Clayton Stoner
Goaltenders
Starting : Sergei Bobrovsky
Backup : Alex Auld
Extra Forwards
Normal : Nick Johnson, Marc-André Cliche, Linus Omark - PP : Nick Johnson, Marc-André Cliche - PK : Linus Omark
Extra Defensemen
Normal : Casey Borer, Davis Drewiske, Kyle Wharton - PP : Casey Borer - PK : Davis Drewiske, Kyle Wharton
Penalty Shots
Brad Winchester, John Zeiler, Logan Couture, Linus Omark, Tyler Brenner
Monarchs
5 vs 5 Forward
Center Left Wing Right Wing Time % Phy DF OF
1 Jordan Nolan T.J Galiardi Tyler Kennedy 40 1 2 2
2 Jarret Stoll Brock Trotter Zack Kassian 30 1 2 2
3 Marek Zagrapan Matt Martin Richard Park 20 1 2 2
4 Dana Tyrell Zac Rinaldo Jay Beagle 10 1 2 2
5 vs 5 Defense
Defense Defense Time % Phy DF OF
1 Cody Franson Ryan Ellis 40 0 2 3
2 Keith Ballard Sami Vatanen 30 0 3 2
3 Shawn Belle Matt Irwin 20 1 2 2
4 Tim Erixon Matt Irwin 10 1 2 2
PowerPlay Forward
Center Left Wing Right Wing Time % Phy DF OF
1 Jarret Stoll T.J Galiardi Zack Kassian 60 0 1 4
2 Jordan Nolan Brock Trotter Tyler Kennedy 40 0 1 4
PowerPlay Defense
Defense Defense Time % Phy DF OF
1 Ryan Ellis Sami Vatanen 60 0 2 3
2 Matt Irwin Cody Franson 40 0 2 3
Penalty Kill 4 Players Forward
Center Wing Time % Phy DF OF
1 Jarret Stoll Richard Park 60 1 2 2
2 Dana Tyrell Tyler Kennedy 40 1 2 2
Penalty Kill 4 Players Defense
Defense Defense Time % Phy DF OF
1 Keith Ballard Cody Franson 60 1 2 2
2 Tim Erixon Shawn Belle 40 1 2 2
Penalty Kill - 3 Players Forward
Forward Time % Phy DF OF
1 Jordan Nolan 60 1 2 2
2 Jarret Stoll 40 1 2 2
Penalty Kill - 3 Players Defense
Defense Defense Time % Phy DF OF
1 Keith Ballard Cody Franson 60 1 2 2
2 Tim Erixon Shawn Belle 40 1 2 2
4 vs 4 Forward
Center Wing Time % Phy DF OF
1 Jarret Stoll T.J Galiardi 60 1 2 2
2 Jordan Nolan Richard Park 40 1 2 2
4 vs 4 Defense
Defense Defense Time % Phy DF OF
1 Keith Ballard Cody Franson 60 1 2 2
2 Matt Irwin Shawn Belle 40 1 2 2
Last Minutes Offensive
Center Left Wing Right Wing Defense Defense
Jarret Stoll T.J Galiardi Zack Kassian Keith Ballard Cody Franson
Last Minutes Defensive
Center Left Wing Right Wing Defense Defense
Jarret Stoll Matt Martin Zack Kassian Keith Ballard Cody Franson
Goaltenders
Starting : James Reimer
Backup : Richard Bachman
Extra Forwards
Normal : Marek Zagrapan, Jay Beagle, Matt Martin - PP : Marek Zagrapan, Jay Beagle - PK : Matt Martin
Extra Defensemen
Normal : Cody Franson, Ryan Ellis, Sami Vatanen - PP : Keith Ballard - PK : Ryan Ellis, Matt Irwin
Penalty Shots
Richard Park, Jarret Stoll, Jordan Nolan, Tyler Kennedy, T.J Galiardi
% Time on Ice - Atomiques
Lines # - Real PCT - Wanted PCT - Time Play
Normal Forward
1 - 35% - 40% - 14:32
2 - 27% - 30% - 11:31
3 - 22% - 20% - 9:13
4 - 16% - 10% - 6:50
Normal Defense
1 - 43% - 40% - 18:16
2 - 30% - 30% - 12:45
3 - 21% - 20% - 8:58
4 - 5% - 10% - 2:07
PP Forward
1 - 61% - 60% - 1:52
2 - 39% - 40% - 1:12
PP Defense
1 - 67% - 60% - 2:04
2 - 33% - 40% - 1:00
PK Forward
1 - 74% - 60% - 11:02
2 - 26% - 40% - 3:48
PK Defense
1 - 60% - 60% - 8:52
2 - 40% - 40% - 5:58
PK3 Forward
1 - 0% - 60%
2 - 0% - 40%
PK3 Defense
1 - 0% - 60%
2 - 0% - 40%
44 Forward
1 - 0% - 60%
2 - 0% - 40%
44 Defense
1 - 0% - 60%
2 - 0% - 40%
Last Minute Offensive - 0:00
Last Minute Defensive - 0:00
Total
Forward - 60:00
Defense - 60:00
|
% Time on Ice - Monarchs
Lines # - Real PCT - Wanted PCT - Time Play
Normal Forward
1 - 33% - 40% - 13:51
2 - 27% - 30% - 11:18
3 - 23% - 20% - 9:47
4 - 17% - 10% - 7:10
Normal Defense
1 - 40% - 40% - 16:47
2 - 33% - 30% - 14:05
3 - 20% - 20% - 8:16
4 - 7% - 10% - 2:58
PP Forward
1 - 58% - 60% - 8:32
2 - 42% - 40% - 6:18
PP Defense
1 - 55% - 60% - 8:06
2 - 45% - 40% - 6:44
PK Forward
1 - 77% - 60% - 2:21
2 - 23% - 40% - 0:43
PK Defense
1 - 59% - 60% - 1:48
2 - 41% - 40% - 1:16
PK3 Forward
1 - 0% - 60%
2 - 0% - 40%
PK3 Defense
1 - 0% - 60%
2 - 0% - 40%
44 Forward
1 - 0% - 60%
2 - 0% - 40%
44 Defense
1 - 0% - 60%
2 - 0% - 40%
Last Minute Offensive - 0:00
Last Minute Defensive - 0:00
Total
Forward - 60:00
Defense - 60:00
|
Play by Play
1st period
0:01 of 1st period - Jordan Nolan wins face-off versus Logan Couture in neutral zone.
0:08 of 1st period - Wrist shot by T.J Galiardi.
0:08 of 1st period - Shot Misses the Net.
0:10 of 1st period - Slapshot by Cody Franson.
0:10 of 1st period - Shot Misses the Net.
0:22 of 1st period - Minor Penalty to Victor Hedman for Tripping.
0:23 of 1st period - Jarret Stoll wins face-off versus Tyler Brenner in Atomiques zone.
0:45 of 1st period - Sami Vatanen is hit by Ryan Shannon and loses puck.
1:44 of 1st period - Brad Winchester is hit by T.J Galiardi and loses puck.
2:22 of 1st period - Penalty to Victor Hedman is over, Victor Hedman is back on ice.
2:26 of 1st period - Davis Drewiske is hit by Marek Zagrapan and loses puck.
2:43 of 1st period - Davis Drewiske is hit by Zac Rinaldo.
2:55 of 1st period - John McCarthy is hit by Shawn Belle and loses puck.
3:06 of 1st period - Matt Irwin is hit by John McCarthy.
3:32 of 1st period - Keith Ballard is hit by John Zeiler and loses puck.
3:37 of 1st period - Wrist shot by Linus Omark.
3:37 of 1st period - Shot Misses the Net.
3:39 of 1st period - Slapshot by Victor Hedman.
3:39 of 1st period - Stopped by James Reimer with a rebound.
4:36 of 1st period - Minor Penalty to Zac Rinaldo for High sticking.
4:37 of 1st period - Jarret Stoll wins face-off versus Logan Couture in Monarchs zone.
4:46 of 1st period - Slapshot by Victor Hedman.
4:46 of 1st period - Stopped by James Reimer without a rebound.
4:47 of 1st period - Jarret Stoll wins face-off versus John Zeiler in Monarchs zone.
5:22 of 1st period - Wrist shot by John Zeiler.
5:22 of 1st period - Shot Blocked by Dana Tyrell.
5:24 of 1st period - Slapshot by Linus Omark.
5:24 of 1st period - Deflect By Logan Couture.
5:24 of 1st period - Shot Misses the Net.
5:24 of 1st period - Puck is out of play.
5:25 of 1st period - Ryan Shannon wins face-off versus Jarret Stoll in Monarchs zone.
5:41 of 1st period - Snap shot by Brad Winchester.
5:41 of 1st period - Goal by Brad Winchester - Atomiques : 1 - Monarchs : 0.
5:42 of 1st period - Tyler Brenner wins face-off versus Jordan Nolan in neutral zone.
5:45 of 1st period - Cody Franson is hit by Brad Winchester and loses puck.
5:54 of 1st period - Snap shot by Brad Winchester.
5:54 of 1st period - Stopped by James Reimer with a rebound.
7:02 of 1st period - Snap shot by Kenndal McArdle.
7:02 of 1st period - Shot Misses the Net.
7:16 of 1st period - Wrist shot by John McCarthy.
7:16 of 1st period - Stopped by James Reimer with a rebound.
7:36 of 1st period - Slapshot by Keith Ballard.
7:36 of 1st period - Stopped by Sergei Bobrovsky with a rebound.
8:00 of 1st period - Slapshot by Keith Ballard.
8:00 of 1st period - Shot Misses the Net.
8:02 of 1st period - Snap shot by Jay Beagle.
8:02 of 1st period - Stopped by Sergei Bobrovsky with a rebound.
8:07 of 1st period - Minor Penalty to Casey Borer for Hooking.
8:08 of 1st period - Jarret Stoll wins face-off versus Tyler Brenner in Atomiques zone.
10:07 of 1st period - Penalty to Casey Borer is over, Casey Borer is back on ice.
10:15 of 1st period - Matt Irwin is hit by Mitch Callahan and loses puck.
10:22 of 1st period - Alexander Sulzer is hit by Matt Martin and loses puck.
11:22 of 1st period - John Zeiler is hit by T.J Galiardi and loses puck.
12:32 of 1st period - Jordan Nolan is hit by Marc-André Cliche and loses puck.
13:03 of 1st period - Brad Winchester is hit by Brock Trotter and loses puck.
13:10 of 1st period - Wrist shot by Jarret Stoll.
13:10 of 1st period - Stopped by Sergei Bobrovsky with a rebound.
13:48 of 1st period - Richard Park is hit by Brett Sutter.
14:04 of 1st period - Clayton Stoner is hit by Matt Martin and loses puck.
14:13 of 1st period - Matt Martin is hit by Mitch Callahan and loses puck.
14:31 of 1st period - Sami Vatanen is hit by Victor Hedman and loses puck.
14:42 of 1st period - Casey Borer is hit by Richard Park and loses puck.
14:56 of 1st period - Icing by Matt Irwin.
14:57 of 1st period - John Zeiler wins face-off versus Marek Zagrapan in Monarchs zone.
15:38 of 1st period - Kyle Wharton is hit by Tim Erixon and loses puck.
15:47 of 1st period - Snap shot by Richard Park.
15:47 of 1st period - Stopped by Sergei Bobrovsky with a rebound.
15:49 of 1st period - Wrist shot by Richard Park.
15:49 of 1st period - Shot Misses the Net.
15:51 of 1st period - Snap shot by Richard Park.
15:51 of 1st period - Shot Misses the Net.
15:53 of 1st period - Snap shot by Matt Irwin.
15:53 of 1st period - Stopped by Sergei Bobrovsky without a rebound.
15:54 of 1st period - Tyler Kennedy wins face-off versus Logan Couture in Atomiques zone.
16:05 of 1st period - Slapshot by Linus Omark.
16:05 of 1st period - Deflect By Logan Couture.
16:05 of 1st period - Shot Misses the Net.
16:05 of 1st period - Puck is out of play.
16:06 of 1st period - Jordan Nolan wins face-off versus Logan Couture in Monarchs zone.
16:14 of 1st period - Off-side.
16:15 of 1st period - Logan Couture wins face-off versus Tyler Kennedy in neutral zone.
16:36 of 1st period - Wrist shot by Tyler Kennedy.
16:36 of 1st period - Stopped by Sergei Bobrovsky with a rebound.
17:12 of 1st period - Victor Hedman is hit by T.J Galiardi.
17:28 of 1st period - Wrist shot by Linus Omark.
17:28 of 1st period - Deflect By T.J Galiardi.
17:28 of 1st period - Shot Misses the Net.
17:28 of 1st period - Puck is out of play.
17:29 of 1st period - Tyler Brenner wins face-off versus Jarret Stoll in Monarchs zone.
17:56 of 1st period - Jay Beagle is hit by Marc-André Cliche.
18:00 of 1st period - Matt Irwin is hit by Kenndal McArdle and loses puck.
19:15 of 1st period - Icing by Brad Winchester.
19:16 of 1st period - Jordan Nolan wins face-off versus Tyler Brenner in Atomiques zone.
19:24 of 1st period - Icing by Kenndal McArdle.
19:25 of 1st period - Marc-André Cliche wins face-off versus Zac Rinaldo in Atomiques zone.
19:31 of 1st period - Wrist shot by Marc-André Cliche.
19:31 of 1st period - Stopped by James Reimer without a rebound.
19:32 of 1st period - Logan Couture wins face-off versus T.J Galiardi in Monarchs zone.
19:35 of 1st period - Wrist shot by John Zeiler.
19:35 of 1st period - Deflect By Jordan Nolan.
19:35 of 1st period - Shot Misses the Net.
19:35 of 1st period - Puck is out of play.
19:36 of 1st period - Jordan Nolan wins face-off versus John Zeiler in Monarchs zone.
19:36 of 1st period - Jordan Nolan is hit by John Zeiler.
19:44 of 1st period - Wrist shot by Victor Hedman.
19:44 of 1st period - Stopped by James Reimer with a rebound.
Goals for this period are 1 for Atomiques vs 0 for Monarchs .
Shots for this period are 7 for Atomiques vs 6 for Monarchs .
2nd period
0:01 of 2nd period - Logan Couture wins face-off versus Jordan Nolan in neutral zone.
0:32 of 2nd period - Snap shot by Brock Trotter.
0:32 of 2nd period - Shot Blocked by Alexander Sulzer.
0:34 of 2nd period - Slapshot by Keith Ballard.
0:34 of 2nd period - Shot Blocked by Linus Omark.
0:36 of 2nd period - Slapshot by Sami Vatanen.
0:36 of 2nd period - Stopped by Sergei Bobrovsky without a rebound.
0:37 of 2nd period - Jordan Nolan wins face-off versus Tyler Brenner in Atomiques zone.
0:40 of 2nd period - Slapshot by Cody Franson.
0:40 of 2nd period - Deflect By Davis Drewiske.
0:40 of 2nd period - Stopped by Sergei Bobrovsky without a rebound.
0:41 of 2nd period - Tyler Brenner wins face-off versus Jordan Nolan in Atomiques zone.
1:16 of 2nd period - Snap shot by Logan Couture.
1:16 of 2nd period - Deflect By John Zeiler.
1:16 of 2nd period - Shot Misses the Net.
1:16 of 2nd period - Puck is out of play.
1:17 of 2nd period - Jordan Nolan wins face-off versus Logan Couture in Monarchs zone.
1:22 of 2nd period - Slapshot by Sami Vatanen.
1:22 of 2nd period - Stopped by Sergei Bobrovsky with a rebound.
1:30 of 2nd period - Snap shot by Logan Couture.
1:30 of 2nd period - Stopped by James Reimer with a rebound.
1:32 of 2nd period - Slapshot by Alexander Sulzer.
1:32 of 2nd period - Shot Misses the Net.
1:51 of 2nd period - Slapshot by T.J Galiardi.
1:51 of 2nd period - Stopped by Sergei Bobrovsky with a rebound.
1:54 of 2nd period - Icing by Kenndal McArdle.
1:55 of 2nd period - Jarret Stoll wins face-off versus Marc-André Cliche in Atomiques zone.
2:02 of 2nd period - Snap shot by Jarret Stoll.
2:02 of 2nd period - Deflect By Zack Kassian.
2:02 of 2nd period - Shot Misses the Net.
2:02 of 2nd period - Puck is out of play.
2:03 of 2nd period - Jarret Stoll wins face-off versus Tyler Brenner in Atomiques zone.
2:06 of 2nd period - Snap shot by Jarret Stoll.
2:06 of 2nd period - Stopped by Sergei Bobrovsky without a rebound.
2:07 of 2nd period - Jarret Stoll wins face-off versus Tyler Brenner in Atomiques zone.
2:16 of 2nd period - Wrist shot by Brock Trotter.
2:16 of 2nd period - Stopped by Sergei Bobrovsky with a rebound.
2:18 of 2nd period - Wrist shot by Ryan Ellis.
2:18 of 2nd period - Shot Blocked by Clayton Stoner.
2:34 of 2nd period - Davis Drewiske is hit by Cody Franson.
2:38 of 2nd period - Backhand shot by Clayton Stoner.
2:38 of 2nd period - Shot Blocked by Cody Franson.
2:42 of 2nd period - Slapshot by Linus Omark.
2:42 of 2nd period - Shot Misses the Net.
2:44 of 2nd period - Slapshot by Victor Hedman.
2:44 of 2nd period - Deflect By Cody Franson.
2:44 of 2nd period - Stopped by James Reimer with a rebound.
3:04 of 2nd period - Wrist shot by Nick Johnson.
3:04 of 2nd period - Stopped by James Reimer with a rebound.
3:32 of 2nd period - Slapshot by Cody Franson.
3:32 of 2nd period - Shot Blocked by Kyle Wharton.
3:34 of 2nd period - Snap shot by Ryan Ellis.
3:34 of 2nd period - Stopped by Sergei Bobrovsky with a rebound.
3:36 of 2nd period - Snap shot by Richard Park.
3:36 of 2nd period - Shot Misses the Net.
3:38 of 2nd period - Wrist shot by Ryan Ellis.
3:38 of 2nd period - Shot Misses the Net.
3:40 of 2nd period - Snap shot by Richard Park.
3:40 of 2nd period - Shot Misses the Net.
3:42 of 2nd period - Wrist shot by Richard Park.
3:42 of 2nd period - Stopped by Sergei Bobrovsky with a rebound.
3:44 of 2nd period - Wrist shot by Marek Zagrapan.
3:44 of 2nd period - Stopped by Sergei Bobrovsky with a rebound.
3:46 of 2nd period - Snap shot by Cody Franson.
3:46 of 2nd period - Stopped by Sergei Bobrovsky without a rebound.
3:47 of 2nd period - John Zeiler wins face-off versus Jordan Nolan in Atomiques zone.
3:47 of 2nd period - John Zeiler is hit by Jordan Nolan.
3:55 of 2nd period - Icing by Linus Omark.
3:56 of 2nd period - Tyler Kennedy wins face-off versus Logan Couture in Atomiques zone.
4:25 of 2nd period - Wrist shot by Tyler Kennedy.
4:25 of 2nd period - Shot Blocked by Linus Omark.
4:27 of 2nd period - Wrist shot by Sami Vatanen.
4:27 of 2nd period - Stopped by Sergei Bobrovsky with a rebound.
4:29 of 2nd period - Snap shot by Tyler Kennedy.
4:29 of 2nd period - Shot Misses the Net.
4:31 of 2nd period - Wrist shot by Tyler Kennedy.
4:31 of 2nd period - Shot Misses the Net.
4:33 of 2nd period - Snap shot by Tyler Kennedy.
4:33 of 2nd period - Goal by Tyler Kennedy - Atomiques : 1 - Monarchs : 1.
4:34 of 2nd period - Jarret Stoll wins face-off versus Tyler Brenner in neutral zone.
4:41 of 2nd period - Backhand shot by Jarret Stoll.
4:41 of 2nd period - Shot Misses the Net.
4:47 of 2nd period - Matt Irwin is hit by Tyler Brenner and loses puck.
5:43 of 2nd period - Jay Beagle is hit by Brett Sutter and loses puck.
6:10 of 2nd period - Snap shot by Ryan Shannon.
6:10 of 2nd period - Shot Blocked by Ryan Ellis.
6:12 of 2nd period - Slapshot by Tyler Brenner.
6:12 of 2nd period - Stopped by James Reimer with a rebound.
6:29 of 2nd period - Minor Penalty to T.J Galiardi for Holding.
6:30 of 2nd period - Jarret Stoll wins face-off versus Logan Couture in Monarchs zone.
6:36 of 2nd period - Slapshot by Linus Omark.
6:36 of 2nd period - Stopped by James Reimer without a rebound.
6:37 of 2nd period - Jarret Stoll wins face-off versus Logan Couture in Monarchs zone.
6:52 of 2nd period - Wrist shot by John Zeiler.
6:52 of 2nd period - Shot Misses the Net.
8:29 of 2nd period - Penalty to T.J Galiardi is over, T.J Galiardi is back on ice.
8:55 of 2nd period - Slapshot by Cody Franson.
8:55 of 2nd period - Shot Blocked by Brett Sutter.
9:01 of 2nd period - Slapshot by Victor Hedman.
9:01 of 2nd period - Stopped by James Reimer with a rebound.
9:03 of 2nd period - Slapshot by Victor Hedman.
9:03 of 2nd period - Shot Misses the Net.
9:05 of 2nd period - Slapshot by Victor Hedman.
9:05 of 2nd period - Stopped by James Reimer with a rebound.
9:07 of 2nd period - Backhand shot by Victor Hedman.
9:07 of 2nd period - Deflect By Brett Sutter.
9:07 of 2nd period - Shot Blocked by Brock Trotter.
9:07 of 2nd period - Puck is out of play.
9:08 of 2nd period - Jarret Stoll wins face-off versus Marc-André Cliche in Monarchs zone.
9:24 of 2nd period - Icing by Kyle Wharton.
9:25 of 2nd period - Jordan Nolan wins face-off versus Brett Sutter in Atomiques zone.
9:34 of 2nd period - Slapshot by Matt Irwin.
9:34 of 2nd period - Shot Blocked by Casey Borer.
9:52 of 2nd period - Clayton Stoner is hit by Matt Martin.
10:00 of 2nd period - Slapshot by Davis Drewiske.
10:00 of 2nd period - Stopped by James Reimer without a rebound.
10:01 of 2nd period - Jarret Stoll wins face-off versus Tyler Brenner in Monarchs zone.
10:01 of 2nd period - Jarret Stoll is hit by Ryan Shannon.
10:26 of 2nd period - Sami Vatanen is hit by Linus Omark and loses puck.
10:34 of 2nd period - Clayton Stoner is hit by Cody Franson and loses puck.
10:49 of 2nd period - Slapshot by Cody Franson.
10:49 of 2nd period - Shot Misses the Net.
10:51 of 2nd period - Slapshot by Shawn Belle.
10:51 of 2nd period - Shot Blocked by Victor Hedman.
10:53 of 2nd period - Snap shot by Richard Park.
10:53 of 2nd period - Shot Blocked by Victor Hedman.
10:55 of 2nd period - Wrist shot by Richard Park.
10:55 of 2nd period - Goal by Richard Park - Atomiques : 1 - Monarchs : 2.
10:56 of 2nd period - Tyler Brenner wins face-off versus Jarret Stoll in neutral zone.
11:46 of 2nd period - Slapshot by Keith Ballard.
11:46 of 2nd period - Stopped by Sergei Bobrovsky without a rebound.
11:47 of 2nd period - Dana Tyrell wins face-off versus Tyler Brenner in Atomiques zone.
11:47 of 2nd period - Dana Tyrell is hit by Victor Hedman.
11:57 of 2nd period - Snap shot by Jay Beagle.
11:57 of 2nd period - Stopped by Sergei Bobrovsky with a rebound.
12:09 of 2nd period - Minor Penalty to Tyler Brenner for Hooking.
12:10 of 2nd period - Jarret Stoll wins face-off versus Linus Omark in Atomiques zone.
14:09 of 2nd period - Penalty to Tyler Brenner is over, Tyler Brenner is back on ice.
14:31 of 2nd period - Icing by Matt Irwin.
14:32 of 2nd period - Marc-André Cliche wins face-off versus Jay Beagle in Monarchs zone.
14:40 of 2nd period - Icing by Matt Irwin.
14:41 of 2nd period - Dana Tyrell wins face-off versus Logan Couture in Monarchs zone.
14:53 of 2nd period - Wrist shot by Linus Omark.
14:53 of 2nd period - Shot Blocked by Dana Tyrell.
15:11 of 2nd period - Slapshot by Matt Irwin.
15:11 of 2nd period - Deflect By Tyler Kennedy.
15:11 of 2nd period - Stopped by Sergei Bobrovsky without a rebound.
15:12 of 2nd period - Jordan Nolan wins face-off versus Tyler Brenner in Atomiques zone.
15:20 of 2nd period - Icing by Tyler Brenner.
15:21 of 2nd period - Tyler Brenner wins face-off versus Jordan Nolan in Atomiques zone.
15:36 of 2nd period - Snap shot by Ryan Shannon.
15:36 of 2nd period - Shot Blocked by Sami Vatanen.
15:48 of 2nd period - Snap shot by Richard Park.
15:48 of 2nd period - Shot Blocked by Victor Hedman.
15:50 of 2nd period - Snap shot by Matt Martin.
15:50 of 2nd period - Shot Blocked by Tyler Brenner.
15:52 of 2nd period - Wrist shot by Marek Zagrapan.
15:52 of 2nd period - Shot Blocked by Brad Winchester.
15:54 of 2nd period - Snap shot by Marek Zagrapan.
15:54 of 2nd period - Stopped by Sergei Bobrovsky with a rebound.
15:56 of 2nd period - Slapshot by Sami Vatanen.
15:56 of 2nd period - Shot Misses the Net.
15:58 of 2nd period - Snap shot by Richard Park.
15:58 of 2nd period - Shot Blocked by Tyler Brenner.
16:14 of 2nd period - Wrist shot by Linus Omark.
16:14 of 2nd period - Shot Misses the Net.
16:16 of 2nd period - Slapshot by Alexander Sulzer.
16:16 of 2nd period - Shot Misses the Net.
16:18 of 2nd period - Slapshot by Logan Couture.
16:18 of 2nd period - Goal by Logan Couture - Atomiques : 2 - Monarchs : 2.
16:19 of 2nd period - Jordan Nolan wins face-off versus Logan Couture in neutral zone.
16:24 of 2nd period - Backhand shot by Cody Franson.
16:24 of 2nd period - Shot Misses the Net.
16:31 of 2nd period - Minor Penalty to John Zeiler for Holding Stick.
16:32 of 2nd period - Jarret Stoll wins face-off versus Tyler Brenner in Atomiques zone.
16:34 of 2nd period - Slapshot by Jarret Stoll.
16:34 of 2nd period - Shot Blocked by Alexander Sulzer.
16:36 of 2nd period - Wrist shot by Zack Kassian.
16:36 of 2nd period - Deflect By Jarret Stoll.
16:36 of 2nd period - Shot Misses the Net.
16:36 of 2nd period - Puck is out of play.
16:37 of 2nd period - T.J Galiardi wins face-off versus Tyler Brenner in Atomiques zone.
16:38 of 2nd period - Slapshot by Ryan Ellis.
16:38 of 2nd period - Stopped by Sergei Bobrovsky with a rebound.
16:48 of 2nd period - Slapshot by Jarret Stoll.
16:48 of 2nd period - Stopped by Sergei Bobrovsky without a rebound.
16:49 of 2nd period - Jarret Stoll wins face-off versus Tyler Brenner in Atomiques zone.
16:49 of 2nd period - Ryan Ellis is hit by Clayton Stoner and loses puck.
17:42 of 2nd period - Wrist shot by Logan Couture.
17:42 of 2nd period - Stopped by James Reimer with a rebound.
18:31 of 2nd period - Penalty to John Zeiler is over, John Zeiler is back on ice.
18:39 of 2nd period - Ryan Ellis is hit by Nick Johnson and loses puck.
19:04 of 2nd period - Slapshot by Victor Hedman.
19:04 of 2nd period - Shot Blocked by Jay Beagle.
19:17 of 2nd period - Minor Penalty to John Zeiler for Tripping.
19:18 of 2nd period - Jarret Stoll wins face-off versus Tyler Brenner in Atomiques zone.
19:23 of 2nd period - Snap shot by Jarret Stoll.
19:23 of 2nd period - Shot Blocked by Brad Winchester.
19:25 of 2nd period - Wrist shot by Jarret Stoll.
19:25 of 2nd period - Stopped by Sergei Bobrovsky without a rebound.
19:26 of 2nd period - Jarret Stoll wins face-off versus Tyler Brenner in Atomiques zone.
19:33 of 2nd period - Slapshot by Matt Irwin.
19:33 of 2nd period - Deflect By Zack Kassian.
19:33 of 2nd period - Stopped by Sergei Bobrovsky without a rebound.
19:34 of 2nd period - Jarret Stoll wins face-off versus Tyler Brenner in Atomiques zone.
Goals for this period are 1 for Atomiques vs 2 for Monarchs .
Shots for this period are 10 for Atomiques vs 21 for Monarchs .
3rd period
0:01 of 3rd period - Jarret Stoll wins face-off versus Tyler Brenner in neutral zone.
0:09 of 3rd period - Brad Winchester is hit by Zack Kassian and loses puck.
0:38 of 3rd period - Icing by Matt Irwin.
0:39 of 3rd period - Jordan Nolan wins face-off versus Tyler Brenner in Monarchs zone.
1:17 of 3rd period - Penalty to John Zeiler is over, John Zeiler is back on ice.
2:44 of 3rd period - Snap shot by Tyler Kennedy.
2:44 of 3rd period - Stopped by Sergei Bobrovsky with a rebound.
2:46 of 3rd period - Snap shot by Tyler Kennedy.
2:46 of 3rd period - Stopped by Sergei Bobrovsky without a rebound.
2:47 of 3rd period - Marek Zagrapan wins face-off versus Marc-André Cliche in Atomiques zone.
3:01 of 3rd period - Minor Penalty to Kenndal McArdle for Holding.
3:02 of 3rd period - Jarret Stoll wins face-off versus Tyler Brenner in Atomiques zone.
3:08 of 3rd period - Snap shot by Zack Kassian.
3:08 of 3rd period - Shot Blocked by Davis Drewiske.
3:10 of 3rd period - Wrist shot by Zack Kassian.
3:10 of 3rd period - Stopped by Sergei Bobrovsky without a rebound.
3:11 of 3rd period - Jarret Stoll wins face-off versus Tyler Brenner in Atomiques zone.
3:12 of 3rd period - Slapshot by Ryan Ellis.
3:12 of 3rd period - Shot Blocked by Davis Drewiske.
3:14 of 3rd period - Wrist shot by Jarret Stoll.
3:14 of 3rd period - Goal by Jarret Stoll - Atomiques : 2 - Monarchs : 3.
3:15 of 3rd period - Logan Couture wins face-off versus Marek Zagrapan in neutral zone.
3:18 of 3rd period - Wrist shot by Davis Drewiske.
3:18 of 3rd period - Shot Blocked by Matt Martin.
3:24 of 3rd period - Snap shot by Marek Zagrapan.
3:24 of 3rd period - Stopped by Sergei Bobrovsky with a rebound.
3:26 of 3rd period - Slapshot by Cody Franson.
3:26 of 3rd period - Deflect By Linus Omark.
3:26 of 3rd period - Stopped by Sergei Bobrovsky without a rebound.
3:27 of 3rd period - Logan Couture wins face-off versus Marek Zagrapan in Atomiques zone.
3:36 of 3rd period - Richard Park is hit by John Zeiler and loses puck.
3:43 of 3rd period - Backhand shot by John Zeiler.
3:43 of 3rd period - Shot Misses the Net.
4:06 of 3rd period - Snap shot by Kenndal McArdle.
4:06 of 3rd period - Stopped by James Reimer with a rebound.
4:16 of 3rd period - Slapshot by Matt Irwin.
4:16 of 3rd period - Shot Blocked by Victor Hedman.
4:18 of 3rd period - Slapshot by Jarret Stoll.
4:18 of 3rd period - Shot Blocked by Tyler Brenner.
4:20 of 3rd period - Wrist shot by Jarret Stoll.
4:20 of 3rd period - Shot Blocked by Victor Hedman.
4:22 of 3rd period - Wrist shot by Brock Trotter.
4:22 of 3rd period - Shot Misses the Net.
4:24 of 3rd period - Slapshot by Keith Ballard.
4:24 of 3rd period - Stopped by Sergei Bobrovsky without a rebound.
4:25 of 3rd period - Jordan Nolan wins face-off versus Logan Couture in Atomiques zone.
4:28 of 3rd period - Snap shot by Jordan Nolan.
4:28 of 3rd period - Shot Misses the Net.
4:34 of 3rd period - Snap shot by John Zeiler.
4:34 of 3rd period - Shot Misses the Net.
5:13 of 3rd period - Dana Tyrell is hit by Kyle Wharton and loses puck.
5:34 of 3rd period - Linus Omark is hit by Ryan Ellis and loses puck.
5:53 of 3rd period - Slapshot by Davis Drewiske.
5:53 of 3rd period - Stopped by James Reimer with a rebound.
5:55 of 3rd period - Snap shot by Clayton Stoner.
5:55 of 3rd period - Deflect By Brett Sutter.
5:55 of 3rd period - Stopped by James Reimer with a rebound.
5:57 of 3rd period - Snap shot by John McCarthy.
5:57 of 3rd period - Stopped by James Reimer with a rebound.
7:49 of 3rd period - Wrist shot by Jay Beagle.
7:49 of 3rd period - Stopped by Sergei Bobrovsky with a rebound.
7:51 of 3rd period - Wrist shot by Dana Tyrell.
7:51 of 3rd period - Shot Misses the Net.
8:05 of 3rd period - Zack Kassian is hit by John Zeiler and loses puck.
8:09 of 3rd period - Icing by Sami Vatanen.
8:10 of 3rd period - Logan Couture wins face-off versus Jarret Stoll in Monarchs zone.
8:11 of 3rd period - Snap shot by Linus Omark.
8:11 of 3rd period - Shot Blocked by Keith Ballard.
8:29 of 3rd period - Snap shot by Jarret Stoll.
8:29 of 3rd period - Stopped by Sergei Bobrovsky without a rebound.
8:30 of 3rd period - Jordan Nolan wins face-off versus Tyler Brenner in Atomiques zone.
8:42 of 3rd period - Off-side.
8:43 of 3rd period - Jordan Nolan wins face-off versus Logan Couture in neutral zone.
8:50 of 3rd period - Wrist shot by Linus Omark.
8:50 of 3rd period - Stopped by James Reimer with a rebound.
8:52 of 3rd period - Wrist shot by Linus Omark.
8:52 of 3rd period - Stopped by James Reimer with a rebound.
8:54 of 3rd period - Slapshot by Linus Omark.
8:54 of 3rd period - Shot Misses the Net.
8:56 of 3rd period - Backhand shot by Logan Couture.
8:56 of 3rd period - Shot Misses the Net.
9:08 of 3rd period - T.J Galiardi is hit by Kenndal McArdle and loses puck.
9:30 of 3rd period - Slapshot by Tyler Kennedy.
9:30 of 3rd period - Stopped by Sergei Bobrovsky with a rebound.
9:45 of 3rd period - Marc-André Cliche is hit by Jordan Nolan and loses puck.
10:14 of 3rd period - Snap shot by T.J Galiardi.
10:14 of 3rd period - Stopped by Sergei Bobrovsky without a rebound.
10:15 of 3rd period - Jarret Stoll wins face-off versus Logan Couture in Atomiques zone.
11:06 of 3rd period - Wrist shot by John McCarthy.
11:06 of 3rd period - Deflect By Dana Tyrell.
11:06 of 3rd period - Shot Misses the Net.
11:06 of 3rd period - Puck is out of play.
11:07 of 3rd period - Jarret Stoll wins face-off versus Logan Couture in Monarchs zone.
11:07 of 3rd period - Jarret Stoll is hit by John Zeiler.
11:18 of 3rd period - Icing by Cody Franson.
11:19 of 3rd period - Jarret Stoll wins face-off versus Logan Couture in Monarchs zone.
11:44 of 3rd period - Off-side.
11:45 of 3rd period - Richard Park wins face-off versus Tyler Brenner in neutral zone.
11:48 of 3rd period - Wrist shot by Richard Park.
11:48 of 3rd period - Shot Misses the Net.
12:10 of 3rd period - Davis Drewiske is hit by Matt Irwin and loses puck.
12:37 of 3rd period - Snap shot by Marc-André Cliche.
12:37 of 3rd period - Shot Blocked by Matt Irwin.
12:39 of 3rd period - Snap shot by Kenndal McArdle.
12:39 of 3rd period - Stopped by James Reimer without a rebound.
12:40 of 3rd period - Logan Couture wins face-off versus Jarret Stoll in Monarchs zone.
13:16 of 3rd period - Off-side.
13:17 of 3rd period - Tyler Brenner wins face-off versus Jordan Nolan in neutral zone.
13:28 of 3rd period - Wrist shot by Brad Winchester.
13:28 of 3rd period - Shot Misses the Net.
13:44 of 3rd period - Alexander Sulzer is hit by Zack Kassian and loses puck.
14:05 of 3rd period - Wrist shot by Richard Park.
14:05 of 3rd period - Shot Misses the Net.
14:07 of 3rd period - Snap shot by Matt Martin.
14:07 of 3rd period - Deflect By Victor Hedman.
14:07 of 3rd period - Shot Misses the Net.
14:07 of 3rd period - Puck is out of play.
14:08 of 3rd period - Marc-André Cliche wins face-off versus Jordan Nolan in Atomiques zone.
14:15 of 3rd period - Snap shot by Nick Johnson.
14:15 of 3rd period - Shot Blocked by Ryan Ellis.
14:17 of 3rd period - Slapshot by Davis Drewiske.
14:17 of 3rd period - Shot Blocked by Tyler Kennedy.
14:19 of 3rd period - Slapshot by Nick Johnson.
14:19 of 3rd period - Deflect By T.J Galiardi.
14:19 of 3rd period - Stopped by James Reimer with a rebound.
14:21 of 3rd period - Snap shot by Davis Drewiske.
14:21 of 3rd period - Stopped by James Reimer with a rebound.
14:23 of 3rd period - Wrist shot by Clayton Stoner.
14:23 of 3rd period - Shot Blocked by Tyler Kennedy.
14:25 of 3rd period - Wrist shot by Nick Johnson.
14:25 of 3rd period - Shot Misses the Net.
14:27 of 3rd period - Snap shot by Nick Johnson.
14:27 of 3rd period - Stopped by James Reimer with a rebound.
14:29 of 3rd period - Slapshot by Clayton Stoner.
14:29 of 3rd period - Stopped by James Reimer with a rebound.
14:31 of 3rd period - Snap shot by Nick Johnson.
14:31 of 3rd period - Stopped by James Reimer with a rebound.
14:33 of 3rd period - Slapshot by Casey Borer.
14:33 of 3rd period - Stopped by James Reimer with a rebound.
14:35 of 3rd period - Slapshot by Casey Borer.
14:35 of 3rd period - Shot Blocked by Jordan Nolan.
14:37 of 3rd period - Wrist shot by Marc-André Cliche.
14:37 of 3rd period - Shot Misses the Net.
14:39 of 3rd period - Snap shot by Casey Borer.
14:39 of 3rd period - Shot Blocked by Cody Franson.
14:41 of 3rd period - Snap shot by Marc-André Cliche.
14:41 of 3rd period - Stopped by James Reimer with a rebound.
14:43 of 3rd period - Slapshot by Casey Borer.
14:43 of 3rd period - Stopped by James Reimer without a rebound.
14:44 of 3rd period - Jarret Stoll wins face-off versus Logan Couture in Monarchs zone.
14:55 of 3rd period - Slapshot by Victor Hedman.
14:55 of 3rd period - Deflect By Linus Omark.
14:55 of 3rd period - Stopped by James Reimer with a rebound.
15:01 of 3rd period - Brock Trotter is hit by Logan Couture and loses puck.
15:17 of 3rd period - Major / Game Misconduct Penalty to Brad Winchester for Attempt to injure.
15:17 of 3rd period - Brad Winchester is ejected from game.
15:18 of 3rd period - Tyler Kennedy wins face-off versus Linus Omark in Atomiques zone.
17:45 of 3rd period - Icing by Ryan Ellis.
17:46 of 3rd period - Tyler Brenner wins face-off versus Marek Zagrapan in Monarchs zone.
17:49 of 3rd period - Wrist shot by Linus Omark.
17:49 of 3rd period - Shot Blocked by Sami Vatanen.
18:08 of 3rd period - Ryan Ellis is hit by Ryan Shannon and loses puck.
19:57 of 3rd period - Icing by Marek Zagrapan.
19:58 of 3rd period - Marek Zagrapan wins face-off versus Linus Omark in Monarchs zone.
Goals for this period are 0 for Atomiques vs 1 for Monarchs .
Shots for this period are 16 for Atomiques vs 11 for Monarchs .
Output by the SimonT Hockey Simulator (STHS) for François Prévost -- Original Page W3C XHTML 1.0 Valid